 Dungeon Crawl Stone Soup version 0.28-a0-938-gbc3f381ebc (webtiles) character file.

Game seed: 1947188881496013476

251 Zonian the Poker (level 5, -6/39 HPs)
             Began as a Demonspawn Gladiator on Nov 30, 2021.
             Was a Believer of Uskayaw.
             Killed by divine providence
             ... invoked by an orc priest
              (14 damage)
             ... on level 3 of the Dungeon.
             The game lasted 00:06:20 (2819 turns).

Zonian the Poker (Demonspawn Gladiator)             Turns: 2819, Time: 00:06:20

Health: -6/39      AC:  4    Str: 14    XL:     5   Next: 88%
Magic:  5/5        EV: 13    Int: 11    God:    Uskayaw [**....]
Gold:   70         SH:  0    Dex: 16    Spells: 4/4 levels left

rFire   . . .      SeeInvis .   a - +1 trident
rCold   . . .      Faith    .   (no shield)
rNeg    . . .      Spirit   .   b - +0 leather armour
rPois   .          Reflect  .   c - +0 helmet
rElec   .          Harm     .   (no cloak)
rCorr   +          Rampage  .   (no gloves)
Will    .....                   (no boots)
Stlth   ++........              (no amulet)
HPRegen 0.13/turn               g - ring of resist corrosion
MPRegen 0.09/turn               (no ring)

@: studying Slings
A: ignite blood 1, powered by death 1, big brain 1
a: Renounce Religion, Stomp, Line Pass


You were on level 3 of the Dungeon.
You worshipped Uskayaw.
Uskayaw was noncommittal.
You visited 1 branch of the dungeon, and saw 3 of its levels.

You collected 70 gold pieces.

Inventory:

Hand Weapons
 a - a +1 trident (weapon)
 k - a +0 hunting sling
Missiles
 d - a throwing net
 h - 5 javelins (quivered)
 i - 5 poisoned darts
 l - 30 stones
Armour
 b - a +0 leather armour (worn)
 c - a +0 helmet (worn)
Jewellery
 g - a ring of resist corrosion (left hand)
Scrolls
 e - 2 scrolls of identify
 f - a scroll of amnesia
 j - a scroll of silence
Potions
 m - 2 potions of ambrosia {unknown}


   Skills:
 + Level 2.6 Fighting
 + Level 4.2 Polearms
 + Level 0.0(1.1) Slings
 - Level 2.0 Throwing
 - Level 1.8 Armour
 + Level 3.4 Dodging
 + Level 2.3 Stealth
 + Level 0.3 Invocations


You had 4 spell levels left.
You didn't know any spells.
Your spell library contained the following spells:

 Spells                   Type           Power      Damage    Failure   Level
 Ensorcelled Hibernation  Hex/Ice        0%         N/A       54%         2
 Dazzling Flash           Conj/Hex       0%         N/A       78%         3
 Tukima's Dance           Hex            0%         N/A       78%         3
 Agony                    Necr           0%         N/A       100%        5
 Silence                  Hex/Air        0%         N/A       100%        5


Dungeon Overview and Level Annotations

Branches:
Dungeon (3/15)

Altars:
Nemelex Xobeh
Okawaru
Ru
Trog
Uskayaw
Xom

Shops:
D:1 !


Innate Abilities, Weirdness & Mutations

Your demonic aura sometimes causes spilled blood to erupt in flames.
You regenerate a little health from kills.
You have an unusually large brain. (Int +2)


Message History

The orc is heavily wounded.
You puncture the orc!
You kill the orc!
You reach to attack!
You hit the orc priest.
The orc priest is heavily wounded.
The orc priest invokes the aid of Beogh against you.
Beogh smites you!
Unknown command.
Found a stone staircase leading up.
The orc priest calls down the wrath of Beogh upon you.
Pain shoots through your body!
Items here: ) ? [ †.
You hit the orc priest but do no damage.
The orc priest is heavily wounded.
The orc priest hits you with a +0 dagger.
Unknown command.
You barely miss the orc priest.
The orc priest is heavily wounded.
The orc priest barely misses you.
You hit the orc priest.
The orc priest is heavily wounded.
The orc priest hits you with a +0 dagger.
You can now pass through a line of other dancers.
You closely miss the orc priest.
The orc priest is heavily wounded.
The orc priest hits you but does no damage.
You closely miss the orc priest.
The orc priest is heavily wounded.
The orc priest closely misses you.
You hit the orc priest.
The orc priest is severely wounded.
The orc priest mumbles some strange prayers to Beogh against you.
Beogh smites you!
* * * LOW HITPOINT WARNING * * *
Okay, then.
You barely miss the orc priest.
The orc priest is severely wounded.
The orc priest mumbles some strange prayers to Beogh against you.
Beogh smites you!
You die...

#.# #..#####..# #.#
#.........# #>#
#.........# ###.#
**###.....# #...#
#####.# #.### ###.#
#.# ##########...#
#.# #.8..8.8##.#.#
#@# #8_..._.#..#..
#o# #.......######
#o# #8.........8#.
**#o#*#._.........'.
*,.o.,#8.........8##
*,...,#.......#####
*,...,#8_..._.#
*..<..#.8..8.8#
*,,,,,############


You could see an orc priest and 3 orcs.

Vanquished Creatures
  Sigmund (D:2)
  An adder (D:2)
  A worm (D:2)
  3 dart slugs
  6 orcs (D:3)
  5 bats
  5 endoplasms
  3 giant cockroaches (D:1)
  7 goblins
  6 hobgoblins
  7 jackals (D:1)
  2 quokkas
  7 ball pythons
  3 frilled lizards (D:1)
  6 kobolds
  7 rats
70 creatures vanquished.

Vanquished Creatures (others)
  A plant (D:2)
1 creature vanquished.

Grand Total: 71 creatures vanquished

Notes
Turn   | Place    | Note
-------+----------+-------------------------------------------
     0 | D:1      | Zonian the Demonspawn Gladiator began the quest for the
                  | Orb.
     0 | D:1      | Reached XP level 1. HP: 16/16 MP: 1/1
   171 | D:1      | Reached skill level 3 in Polearms
   171 | D:1      | Gained mutation: Your demonic aura sometimes causes spilled
                  | blood to erupt in flames. [demonic ancestry]
   171 | D:1      | Reached XP level 2. HP: 22/22 MP: 2/2
   562 | D:1      | Gained mutation: You regenerate a little health from kills.
                  | [demonic ancestry]
   562 | D:1      | Reached XP level 3. HP: 27/27 MP: 3/3
   590 | D:1      | Found Bilioch's Distillery.
   753 | D:1      | Found a faded altar of an unknown god.
  1063 | D:2      | Reached skill level 1 in Stealth
  1074 | D:2      | Noticed Sigmund
  1089 | D:2      | Killed Sigmund
  1090 | D:2      | Reached skill level 4 in Polearms
  1090 | D:2      | Reached skill level 1 in Armour
  1090 | D:2      | Gained mutation: You have an unusually large brain. (Int
                  | +2) [demonic ancestry]
  1090 | D:2      | Reached XP level 4. HP: 25/34 MP: 4/4
  1090 | D:2      | Reached XP level 5. HP: 29/39 MP: 5/5
  1891 | D:3      | Noticed a +0 hand axe
  1891 | D:3      | Noticed a +0 dagger
  1892 | D:3      | Found a hide-covered altar of Uskayaw.
  1969 | D:3      | Became a worshipper of Uskayaw the Reveller
  1981 | D:3      | Found an iron altar of Okawaru.
  1983 | D:3      | Found a shimmering altar of Xom.
  1983 | D:3      | Found a shimmering altar of Xom.
  1985 | D:3      | Found an iron altar of Okawaru.
  1985 | D:3      | Found a sparkling altar of Nemelex Xobeh.
  1985 | D:3      | Found a sacrificial altar of Ru.
  2070 | D:3      | Reached * piety under Uskayaw
  2358 | D:3      | Acquired a manual of Slings
  2501 | D:3      | Found a bloodstained altar of Trog.
  2815 | D:3      | Reached ** piety under Uskayaw
  2819 | D:3      | Killed from afar by an orc priest

Illustrated notes

Levels and vault maps discovered:
D:1:      saegor_arrival_simple_d, layout_basic,
          shapermc_ecumenical_altar_totnotflames, serial_shops, shop,
          minmay_cupped
D:2:      layout_basic, serial_forest, infiniplex_forest_clump_cross,
          infiniplex_forest_end_double, infiniplex_forest_clump_double,
          infiniplex_forest_end_double, infiniplex_forest_corner_2,
          infiniplex_forest_fountain, minmay_misc_feat_tower, uniq_sigmund
D:3:      layout_loops_ring, mainiacjoe_overflow_concentric_impassable,
          dancing_weapons_uskayaw, doesnt_xom_only_xom, glass_columns_a,
          due_unseen_surprise

Skill      XL: |  1  2  3 |
---------------+----------+-----
Polearms       | 3 4 |  4.2
Dodging        | 3 |  3.4
Stealth        | 2 |  2.3
Throwing       | 2 |  2.0
Armour         | 1 |  1.8
Fighting       | |  2.6
Invocations    | |  0.3

Action                   |  1- 3 |  4- 6 || total
-------------------------+-------+-------++-------
Melee: Trident           |    97 |   101 ||   198
Throw: Throwing net      |     3 |       ||     3
       Javelin           |     1 |       ||     1
  Use: Potion            |     3 |       ||     3
       Scroll            |       |     6 ||     6
 Stab: Sleeping          |     4 |     4 ||     8
       Held in net/web   |     1 |       ||     1
Armor: Leather armour    |    35 |    13 ||    48
Dodge: Dodged            |    53 |    41 ||    94

Table legend: (Time is in decaauts)
 A = Elapsed time spent in this place.
 B = Non-inter-level travel time spent in this place.
 C = Inter-level travel time spent in this place.
 D = Time resting spent in this place.
 E = Time spent auto-exploring this place.
 F = Levels seen in this place.
 G = Mean time per level.
                   A        B        C        D        E       F      G
               +--------+--------+--------+--------+--------+-----+--------+
         Total |   2842 |   2693 |    149 |    331 |   1726 |   3 |  947.3 |
       Dungeon |   2842 |   2693 |    149 |    331 |   1726 |   3 |  947.3 |
               +--------+--------+--------+--------+--------+-----+--------+

Top non-repeatable levels by time:
     D:1: 999 daAuts
     D:2: 960 daAuts
     D:3: 882 daAuts
